 Dungeon Crawl Stone Soup version 0.31.0-12-g77e489cdc1 (webtiles) character file.

Game seed: 9469322564109691408

3295 RancidPinata the Covert (level 10, -7/72 HPs)
             Began as an Octopode Delver on Feb 14, 2024.
             Was a Priest of Elyvilon.
             Constricted to death by Maurice (8 damage)
             ... on level 7 of the Dungeon on Feb 19, 2024.
             The game lasted 00:46:49 (12020 turns).

RancidPinata the Covert (Octopode Delver)          Turns: 12020, Time: 00:46:49

Health: -7/72      AC:  4    Str: 15    XL:     10   Next: 1%
Magic:  0/11       EV:  9    Int: 13    God:    Elyvilon [***...]
Gold:   0          SH: 14    Dex: 16    Spells: 9/9 levels left

rFire   + . .        u - +9 lance "Wyrmbane" {slay drac, rPois rF+ rC+ AC+3}
rCold   + + .        v - +2 tower shield of Precision Catastrophes {Dex+2}
rNeg    . . .        (helmet restricted)
rPois   +            (no amulet)
rElec   .            z - ring of protection from cold
rCorr   .            (no ring)
SInv    .            (no ring)
Will    .....        (no ring)
Stlth   ++++++       (no ring)
HPRegen 0.32/turn    (no ring)
MPRegen 0.12/turn    (no ring)
                     (no ring)

%: no passive effects
@: grasped by roots, hasted, constricted, very quick
A: almost no armour, amphibious, 8 rings, camouflage 1, gelatinous body 1,
(nimble swimmer 1), tentacles
a: Renounce Religion, Purification, Heal Other, Heal Self


You were on level 7 of the Dungeon.
You worshipped Elyvilon.
Elyvilon was most pleased with you.
You visited 2 branches of the dungeon, and saw 8 of its levels.
You also visited: Sewer.

Inventory:

Hand Weapons
 u - the +9 lance "Wyrmbane" (weapon) {slay drac, rPois rF+ rC+ AC+3}
   (You took it off Maggie on level 6 of the Dungeon)

   AC+3:      It affects your AC (+3).
   rF+:       It protects you from fire.
   rC+:       It protects you from cold.
   rPois:     It protects you from poison
Missiles
 k - a curare-tipped dart
 n - 15 poisoned darts (quivered)
 q - 57 stones
Armour
 v - the +2 tower shield of Precision Catastrophes (worn) {Dex+2}
   (You found it on level 6 of the Dungeon)

   Dex+2:     It affects your dexterity (+2).
Jewellery
 z - a ring of protection from cold (left tentacle)
Wands
 f - a wand of digging (3)
 s - a wand of acid (6)
 H - a wand of polymorph (8)
Scrolls
 a - 2 scrolls of poison
 b - 2 scrolls of fog
 c - 2 scrolls of revelation
 d - 2 scrolls of teleportation {unknown}
 i - 2 scrolls of acquirement {unknown}
 j - a scroll of enchant armour {unknown}
 m - 2 scrolls of enchant weapon {unknown}
 o - 2 scrolls of brand weapon {unknown}
 A - 2 scrolls of immolation
 C - a scroll of blinking {unknown}
 G - a scroll of silence {unknown}
Potions
 e - a potion of haste
 h - a potion of resistance {unknown}
 l - a potion of cancellation {unknown}
 t - a potion of lignification {unknown}
 w - 3 potions of berserk rage
 x - a potion of degeneration {unknown}
 D - a potion of mutation
 F - a potion of brilliance {unknown}


   Skills:
 * Level 7.6 Fighting
 + Level 5.3 Short Blades
 * Level 3.1 Polearms
 * Level 7.1 Dodging
 * Level 11.9 Stealth
 + Level 1.4 Shields
 + Level 1.5 Invocations


You had 9 spell levels left.
You didn't know any spells.
Your spell library contained the following spells:

 Spells                   Type           Power      Damage    Failure   Level
 Foxfire                  Conj/Fire      0%         2x1d4     99%         1
 Freeze                   Ice            0%         1d3       99%         1
 Call Imp                 Summ           0%         N/A       100%        2
 Sublimation of Blood     Necr           0%         N/A       100%        2
 Frozen Ramparts          Ice            0%         1d1       100%        3
 Fugue of the Fallen      Necr           0%         N/A       100%        3
 Hailstorm                Conj/Ice       0%         3d5       100%        3
 Inner Flame              Hex/Fire       0%         N/A       100%        3
 Ozocubu's Armour         Ice            0%         N/A       100%        3
 Stone Arrow              Conj/Erth      0%         3d7       100%        3
 Manifold Assault         Tloc           0%         N/A       100%        4
 Irradiate                Conj/Alch      0%         3d11      100%        5
 Plasma Beam              Fire/Air       0%         2x1d10    100%        6
 Starburst                Conj/Fire      0%         6d3       100%        6
 Summon Hydra             Summ           0%         N/A       100%        7
 Ignition                 Fire           0%         3d3       100%        8
 Lehudib's Crystal Spear  Conj/Erth      0%         10d2      100%        8
 Animate Armour           Summ/Erth      Unusable   N/A       N/A         4

Dungeon Overview and Level Annotations

Branches:
Dungeon (7/15)             Temple (1/1) D:6           Sewer (visited)

Altars:
Ashenzari
Cheibriados
Dithmenos
Elyvilon
Fedhas
Hepliaklqana
Kikubaaqudgha
Makhleb
Nemelex Xobeh
Okawaru
Qazlal
Ru
Sif Muna
Uskayaw
Vehumet
Wu Jian
Xom
Yredelemnul
Zin
The Shining One

Annotations:
D:5 1 runed translucent door, Fatman9000's ghost, novice AtBe
D:7 1 runed translucent door, Crazy Yiuf; Jeremiah; Maurice


Innate Abilities, Weirdness & Mutations

You cannot wear most types of armour.
You are amphibious.
You can wear up to eight rings at the same time.
Your skin changes colour to match your surroundings (Stealth+).
Your rubbery body absorbs attacks. (AC +1, EV +1)
((You are camouflaged when in or above water. (Stealth+)))
You have tentacles for arms and can constrict up to eight enemies at once.


Message History

Something completely misses you. Something bites you but does no damage.
You are constricted.
* * * LOW HITPOINT WARNING * * *
The grasping roots release their grip on you.
You miss something. You block something's attack. x2
You closely miss something.
Your tentacle-slap misses something.
Something hits you.
* * * LOW HITPOINT WARNING * * *
Something grunts, "Curses!"
Something bites you.
* * * LOW HITPOINT WARNING * * *
You feel your power leaking away. Something drains your magic.
Okay, then.
You barely miss something. You squeeze something. Something hits you!
Elyvilon protects you from harm!
Something mutters, "Now where did you hide it?"
Something bites you.
* * * LOW HITPOINT WARNING * * *
Something drains your magic.
You feel better. You block something's attack.
Something bites you but does no damage.
You puncture something! You block something's attack. Something bites you.
* * * LOW HITPOINT WARNING * * *
Something drains your magic.
You miss something. Your squeeze misses something. You miss something.
Something hits you.
* * * LOW HITPOINT WARNING * * *
Something grunts, "Curses!"
Something bites you.
* * * LOW HITPOINT WARNING * * *
You feel your power leaking away. Something drains your magic.
You closely miss something. You squeeze something!
You hear some strange, mumbled words.
You hear a zap.
The roots erupt in riotous growth!
The grasping roots grab you!
You are constricted!
You die...

# #.#...# #.# #.# # ##.#.## #.#
#.# # ##.## #.# #.# #.#####.# #.#
#.......# #.# ####.##.# #<#
#.##.# #.# #####.##.### #.###
#.....@....# #...# #.###.##.#.#
###.# #.# #.##.#.# #.#
####.###)##.#.# #.#
########.........[.#.### #.#
.........##.###.)......# #.#
##.######.......####.#.########.#
#..............# #.#..........#
########.#.##### #.############


There were no monsters in sight!

Vanquished Creatures
  Maggie (D:6)
  A water moccasin (D:6)
  Duvessa (D:5)
  3 sky beasts (D:7)
  3 ice beasts
  4 black bears
  An ogre (D:6)
  A kobold brigand (Sewer)
  Blork the orc (D:4)
  A bullfrog (D:6)
  2 brain worms (Sewer)
  3 scorpions
  7 wights (D:6)
  Dowan (D:5)
  A howler monkey (D:4)
  A crimson imp (D:5)
  A bombardier beetle (D:3)
  3 hounds
  A gnoll bouda (D:6)
  4 orc priests
  A sleepcap (D:6)
  5 iguanas
  An orc wizard (D:7)
  6 adders
  13 gnolls
  4 river rats (Sewer)
  4 shadow imps
  2 white imps
  2 ufetubi (D:6)
  2 ribbon worms
  4 dart slugs
  15 orcs
  3 bats
  7 endoplasms
  6 giant cockroaches
  2 goblins
  3 hobgoblins
  6 jackals
  7 quokkas
  13 ball pythons
  4 frilled lizards
  7 kobolds
  11 rats
169 creatures vanquished.

Notes
Turn   | Place    | Note
-------+----------+-------------------------------------------
     0 | D:5      | RancidPinata the Octopode Delver began the quest for the
                  | Orb.
     0 | D:5      | Reached XP level 1. HP: 16/16 MP: 1/1
    17 | D:5      | Found a glowing drain.
    33 | D:5      | Reached XP level 2. HP: 21/21 MP: 2/2
    66 | Sewer    | Entered a sewer
   109 | Sewer    | Noticed a kobold brigand
   924 | Sewer    | Noticed a brain worm
   929 | Sewer    | Killed a brain worm
   930 | Sewer    | Reached skill level 7 in Stealth
   930 | Sewer    | Reached XP level 3. HP: 27/27 MP: 3/3
   930 | Sewer    | Reached XP level 4. HP: 33/33 MP: 4/4
  1007 | Sewer    | Noticed a brain worm
  1214 | Sewer    | Killed a kobold brigand
  1215 | Sewer    | Reached XP level 5. HP: 31/37 MP: 5/5
  1285 | Sewer    | Reached skill level 8 in Stealth
  1285 | Sewer    | Reached XP level 6. HP: 23/44 MP: 3/6
  1560 | D:4      | Noticed Duvessa
  1560 | D:4      | Noticed Dowan
  1666 | D:5      | Noticed an ice beast
  1735 | D:5      | Noticed a black bear
  1763 | D:5      | Found a runed translucent door.
  1764 | D:5      | Noticed Fatman9000's ghost (novice AtBe)
  3810 | D:5      | Reached XP level 7. HP: 23/49 MP: 7/7
  3944 | D:5      | Reached skill level 5 in Fighting
  3974 | D:5      | Found a shimmering altar of Xom.
  4133 | D:6      | Reached skill level 9 in Stealth
  4437 | D:6      | Reached XP level 8. HP: 49/56 MP: 8/8
  4519 | D:6      | Reached skill level 5 in Dodging
  4596 | D:7      | Noticed Jeremiah
  5143 | D:6      | Reached skill level 10 in Stealth
  5258 | D:6      | Noticed Maggie
  5273 | D:6      | Killed Maggie
  5497 | D:6      | Identified the +2 tower shield of Precision Catastrophes
                  | {Dex+2}
  5521 | D:6      | Found a staircase to the Ecumenical Temple.
  5825 | Temple   | Entered the Ecumenical Temple
  5922 | Temple   | Became a worshipper of Elyvilon the Healer
  6252 | D:6      | Reached XP level 9. HP: 63/63 MP: 9/9
  6443 | D:5      | Found a burning altar of Makhleb.
  6504 | D:5      | Reached skill level 1 in Polearms
  6685 | D:6      | Found a hazy altar of Hepliaklqana.
  6767 | D:6      | Reached skill level 11 in Stealth
  7310 | D:4      | Noticed Blork the orc
  7324 | D:4      | Killed Blork the orc
  7451 | D:4      | Reached * piety under Elyvilon
  7943 | D:3      | Found a stormy altar of Qazlal.
  8140 | D:3      | Reached skill level 5 in Short Blades
  8449 | D:2      | Reached ** piety under Elyvilon
  8963 | D:1      | Found a faded altar of an unknown god.
 10086 | D:5      | Killed Dowan
 10419 | D:5      | Killed Duvessa
 10965 | D:7      | Reached skill level 1 in Shields
 10965 | D:7      | Reached skill level 1 in Invocations
 11377 | D:7      | Reached *** piety under Elyvilon
 11526 | D:7      | Found a runed translucent door.
 11527 | D:7      | Noticed Crazy Yiuf
 11605 | D:7      | Reached XP level 10. HP: 63/71 MP: 11/11
 11770 | D:7      | Noticed Maurice
 11985 | D:7      | Maurice stole 10 boomerangs
 11986 | D:7      | Maurice stole a +0 short sword of speed
 11991 | D:7      | Something stole 352 gold
 12014 | D:7      | Elyvilon protects you from harm!
 12014 | D:7      | HP: 2/72 [something (6)]
 12020 | D:7      | Constricted to death by Maurice

Illustrated notes

Levels and vault maps discovered:
D:1:      dpeg_arrival_pond, layout_loops_corners,
          hellmonk_ecumenical_altar_dog_temple, minmay_pentomino_p2
D:2:      layout_loops_cross
D:3:      kennysheep_six_static_rooms, layout_basic,
          mainiacjoe_overflow_brackets
D:4:      nicolae_BIG_FREAKIN_CUBE, layout_rooms, uniq_blork_the_orc,
          uniq_duvessa
D:5:      layout_gridville, grunt_temple_overflow_champion_of_chaos,
          portal_sewer_entry_f, ebering_ghost_reflecting_pool
D:6:      layout_loops_ring, nzn_hepliaklqana_mist_gate,
          minmay_temple_entry_waves, uniq_maggie
D:7:      layout_loops_ring, marbit_many_paths, uniq_jeremiah,
          uniq_crazy_yiuf_cottage, uniq_maurice
Temple:   regret_index_temple_sphere_string

Skill      XL: |  1  2  3  4  5  6  7  8  9 |
---------------+----------------------------+-----
Stealth        | 7 8 9 10 11 | 11.9
Dodging        | 3 4 6 7 |  7.1
Fighting       | 4 5 6 7 |  7.6
Short Blades   | 3 4 5 |  5.3
Polearms       | 3 |  3.1
Shields        | 1 |  1.4
Invocations    | 1 |  1.5

Action                     |  1- 3 |  4- 6 |  7- 9 | 10-12 || total
---------------------------+-------+-------+-------+-------++-------
  Melee: Short sword       |    32 |   130 |    77 |       ||   239
         Constrict         |     5 |    31 |    41 |     2 ||    79
         Tentacles         |     5 |    39 |    60 |     5 ||   109
         Punch             |       |     3 |     5 |       ||     8
         Lance             |       |       |   215 |    21 ||   236
  Throw: Dart              |       |       |     2 |       ||     2
  Evoke: Wand              |       |       |     4 |       ||     4
    Use: Potion            |       |       |     1 |     7 ||     8
         Scroll            |       |       |     1 |     7 ||     8
   Stab: Sleeping          |     5 |     3 |    49 |     1 ||    58
         Distracted        |       |     1 |     4 |       ||     5
 Armour: Skin              |     4 |    27 |   105 |    26 ||   162
  Dodge: Dodged            |     7 |    59 |    83 |     4 ||   153
  Block: Tower shield      |       |       |   106 |    11 ||   117
